 Dungeon Crawl Stone Soup version 0.22.1-1-ga44c0e5 (webtiles) character file.

1533 RoseArtemis the Ruffian (level 8, -3/78 HPs)
             Began as a Troll Conjurer on Oct 11, 2018.
             Slain by a mummy (14 damage)
             ... in an ossuary.
             The game lasted 00:17:17 (4638 turns).

RoseArtemis the Ruffian (Troll Conjurer)            Turns: 4638, Time: 00:17:18

Health: -3/78      AC:  5    Str: 19    XL:     8   Next: 55%
Magic:  8/8        EV: 11    Int: 11    God:
Gold:   313        SH:  0    Dex: 10    Spells: 9/9 levels left

rFire    . . .     SeeInvis .     - Unarmed
rCold    . . .     Gourm    +   (no shield)
rNeg     . . .     Faith    .   u - +0 robe
rPois    .         Spirit   .   (helmet restricted)
rElec    .         Reflect  .   (no cloak)
rCorr    .         Harm     .   (gloves unavailable)
MR       .....                  (boots unavailable)
Stlth    +.........             (no amulet)
HPRegen  0.63/turn              (no ring)
MPRegen  0.11/turn              (no ring)

@: no status effects
A: large, unfitting armour, claws 3, fast metabolism 3, gourmand, regeneration
1, shaggy fur 1, tough skin 2
a: no special abilities


You were in an ossuary.
You were very full.

You visited 1 branch of the dungeon, and saw 5 of its levels.
You also visited: Ossuary.

You collected 313 gold pieces.

Inventory:

Hand Weapons
 a - the +7 shortbow of Arrival {velocity, +Fly Str+2 Dex+5 Stlth+}
   (You found it on level 4 of the Dungeon)

   Any arrow fired from it inflicts extra damage.
   It affects your strength (+2).
   It affects your dexterity (+5).
   It lets you fly.
   It makes you more stealthy.
 w - a +1 blowgun
Missiles
 r - a throwing net (quivered)
 s - 11 arrows
 v - 23 poisoned needles
Armour
 p - a +0 robe of magic resistance
 u - a +0 robe (worn)
Jewellery
 g - a +2 ring of evasion {unknown}
 i - an uncursed ring of protection from fire {unknown}
Wands
 h - a wand of disintegration (7)
 q - a wand of acid (8)
Scrolls
 f - a scroll of amnesia
 l - 2 scrolls of remove curse
Potions
 d - a potion of degeneration {unknown}
 e - 3 potions of curing
 j - 2 potions of haste {unknown}
 k - 3 potions of might {unknown}
 m - a potion of mutation {unknown}
 n - a potion of resistance {unknown}
 o - a potion of brilliance {unknown}
 z - a potion of invisibility {unknown}
Comestibles
 c - 12 rations


   Skills:
 + Level 4.2 Fighting
 + Level 1.2 Bows
 + Level 4.7 Dodging
 - Level 1.0 Stealth
 - Level 7.1 Unarmed Combat
 - Level 1.2 Spellcasting
   Level 2.9 Conjurations


You had 9 spell levels left.
You didn't know any spells.
Your spell library contained the following spells:

 Spells                   Type           Power        Failure   Level  Hunger
 Magic Dart               Conj           #...         10%         1    ##.....
 Searing Ray              Conj           #.....       14%         2    ###....
 Dazzling Spray           Conj/Hex       #.....       45%         3    ####...
 Iskenderun's Mystic Bla  Conj           #.......     67%         4    #####..
 Force Lance              Conj/Tloc      #.......     86%         4    #####..
 Fulminant Prism          Conj/Hex       #.........   86%         4    #####..


Dungeon Overview and Level Annotations

Branches:
Dungeon (5/15)
 Temple: D:4-7

Altars:
Sif Muna
Vehumet


Innate Abilities, Weirdness & Mutations

You are too large for most types of armour.
You have claws for hands.
Your metabolism is lightning-fast.
You like to eat raw meat.
Your natural rate of healing is unusually fast.
You are covered in fur. (AC +1)
You have very tough skin. (AC +2)


Message History

The human zombie hits you.
* * * LOW HITPOINT WARNING * * *
You claw the human zombie!
The human zombie is severely damaged.
You barely miss the human zombie.
The human zombie is severely damaged.
The human zombie barely misses you.
You claw the human zombie!
You destroy the human zombie!
You scratch the orc zombie but do no damage.
The orc zombie hits you.
* * * LOW HITPOINT WARNING * * *
You mangle the orc zombie!!
You destroy the orc zombie!
You scratch the mummy.
The mummy is moderately damaged.
You scratch the mummy but do no damage.
The mummy is moderately damaged.
The mummy hits you!
You die...

#...# ###...# #...#
#...# .....+####...#
#...# #.∩.....#...#
#...# #.......#...#
#...# #.......#...#
#...#.####..Z....#...#
#...#..........ZZ#...#
#...#.####^.####M#...#
#...# #^.# #@#...#
#...# #^.#....#...#
#...######..######...#
#....................#
#........8..8........#
#....................#
#....................#
######################


You could see a mummy, a hobgoblin zombie and a kobold zombie.

Vanquished Creatures
  Grinder (D:4)
  Sigmund (D:5)
  An orc warrior (D:5)
  A sky beast (D:3)
  An ogre (D:4)
  Blork the orc (D:4)
  An elf zombie (Ossuary)
  A crimson imp (D:5)
  2 hounds
  A jelly (D:5)
  7 orc wizards
  3 human zombies
  2 orc priests (D:4)
  A worker ant (D:5)
  Ijyb (D:5)
  A hound zombie (D:5)
  A mummy (Ossuary)
  9 adders
  A shadow imp (D:3)
  2 oozes
  4 worms
  3 dart slugs
  2 leopard geckos
  13 orcs
  7 bats
  4 giant cockroaches
  7 goblins
  4 hobgoblins
  6 jackals (D:1)
  7 quokkas
  7 frilled lizards
  7 hobgoblin zombies (Ossuary)
  3 jackal zombies (Ossuary)
  10 kobolds
  5 kobold zombies (Ossuary)
  10 orc zombies (Ossuary)
  5 rats
  A rat zombie (Ossuary)
144 creatures vanquished.

Notes
Turn   | Place    | Note
-------+----------+-------------------------------------------
     0 | D:1      | RoseArtemis the Troll Conjurer began the quest for the Orb.
     0 | D:1      | Reached XP level 1. HP: 16/16 MP: 1/1
    55 | D:1      | Reached skill level 1 in Unarmed Combat
    74 | D:1      | Reached XP level 2. HP: 22/26 MP: 2/2
   465 | D:1      | Reached XP level 3. HP: 31/32 MP: 3/3
   494 | D:1      | Reached skill level 1 in Fighting
   599 | D:1      | Reached skill level 2 in Unarmed Combat
  1338 | D:2      | Reached XP level 4. HP: 36/41 MP: 4/4
  1604 | D:2      | Found a deep blue altar of Sif Muna.
  1925 | D:3      | Reached skill level 3 in Unarmed Combat
  1969 | D:3      | Noticed a sky beast
  1997 | D:3      | Killed a sky beast
  1997 | D:3      | Reached XP level 5. HP: 37/49 MP: 5/5
  2394 | D:3      | Reached skill level 4 in Unarmed Combat
  2423 | D:3      | Found a radiant altar of Vehumet.
  2613 | D:3      | Reached XP level 6. HP: 43/57 MP: 6/6
  2726 | D:4      | Got a bloodstained shortbow
  3067 | D:4      | Noticed Grinder
  3093 | D:4      | Killed Grinder
  3093 | D:4      | Reached skill level 5 in Unarmed Combat
  3093 | D:4      | Reached XP level 7. HP: 53/67 MP: 7/7
  3230 | D:4      | Noticed Blork the orc
  3245 | D:4      | Killed Blork the orc
  3504 | D:4      | Reached skill level 6 in Unarmed Combat
  3695 | D:5      | Entered Level 5 of the Dungeon
  3713 | D:5      | Noticed Sigmund
  3747 | D:5      | HP: 2/67 [something (11)]
  3751 | D:5      | Killed Sigmund
  3751 | D:5      | Reached XP level 8. HP: 5/76 MP: 8/8
  3879 | D:5      | Noticed Ijyb
  3894 | D:5      | Killed Ijyb
  4173 | D:5      | Identified the +7 shortbow of Arrival {velocity, +Fly Str+2
                  | Dex+5 Stlth+} (You found it on level 4 of the Dungeon)
  4205 | D:5      | Reached skill level 7 in Unarmed Combat
  4331 | D:5      | Found a sand-covered staircase.
  4343 | Ossuary  | Entered an ossuary
  4584 | Ossuary  | Reached skill level 1 in Bows
  4638 | Ossuary  | Slain by a mummy

Skill      XL: |  1  2  3  4  5  6  7  8 |
---------------+-------------------------+-----
Unarmed Combat | 1 2 3 4 5 6 7 |  7.1
Dodging        | 2 3 4 |  4.7
Fighting       | 1 2 3 4 |  4.2
Bows           | 1 |  1.2
Stealth        | |  1.0
Spellcasting   | |  1.2
Conjurations   | |  2.9

Action                   |  1- 3 |  4- 6 |  7- 9 || total
-------------------------+-------+-------+-------++-------
Melee: Unarmed           |   147 |   145 |   211 ||   503
       Punch             |     1 |     1 |     7 ||     9
 Fire: Blowgun           |       |       |     7 ||     7
       Shortbow          |       |       |     9 ||     9
Throw: Stone             |       |    10 |       ||    10
       Throwing net      |       |       |     1 ||     1
  Use: Scroll            |       |     9 |       ||     9
       Potion            |       |       |     1 ||     1
 Stab: Sleeping          |     2 |     2 |       ||     4
  Eat: Chunk             |    18 |    16 |    12 ||    46
Armor: Robe              |    74 |    31 |    67 ||   172
Dodge: Dodged            |    80 |    61 |   116 ||   257
